 Dungeon Crawl Stone Soup version 0.24-a0-230-g536ed4e33c (webtiles) character file.

Game seed: 18445239093016695739

4934 CedricTheThird the Covert (level 10, -3/68 HPs)
             Began as an Octopode Assassin on Apr 2, 2019.
             Was a Believer of Yredelemnul.
             Slain by a big kobold
             ... wielding a +0 whip
              (8 damage)
             ... on level 10 of the Dungeon.
             The game lasted 00:36:55 (9584 turns).

CedricTheThird the Covert (Octopode Assassin)       Turns: 9584, Time: 00:36:56

Health: -3/68      AC:  1    Str: 11    XL:     10   Next: 52%
Magic:  13/13      EV: 18    Int: 14    God:    Yredelemnul [**....]
Gold:   599        SH:  0    Dex: 16    Spells: 9/9 levels left

rFire    + . .     SeeInvis .   v - +2 dagger (venom)
rCold    . . .     Gourm    .   (no shield)
rNeg     . . .     Faith    .   (helmet restricted)
rPois    +         Spirit   .   (no amulet)
rElec    .         Reflect  .   t - ring of poison resistance
rCorr    .         Harm     .   e - ring of protection from fire
MR       .....                  (no ring)
Stlth    +++++.....             (no ring)
HPRegen  0.21/turn              (no ring)
MPRegen  0.13/turn              (no ring)
                                (no ring)
                                (no ring)

@: about to teleport
A: almost no armour, stealthy swim, amphibious, 8 rings, constrict 8, camouflage
1, gelatinous body 1
a: Animate Remains, Recall Undead Slaves, Injury Mirror, Renounce Religion


You were on level 10 of the Dungeon.
You worshipped Yredelemnul.
Yredelemnul was pleased with you.
You were not hungry.

You visited 2 branches of the dungeon, and saw 11 of its levels.
You also visited: Ossuary.

You collected 599 gold pieces.

Inventory:

Hand Weapons
 b - a +0 blowgun
 v - a +2 dagger of venom (weapon)
Missiles
 c - 47 poisoned needles
 d - 4 curare-tipped needles
 w - 4 exploding tomahawks (quivered)
 B - 3 javelins
Jewellery
 e - a ring of protection from fire (right tentacle)
 t - a ring of poison resistance (left tentacle)
Wands
 u - a wand of iceblast (1)
 C - a wand of random effects (14)
Scrolls
 h - 3 scrolls of immolation
 l - 7 scrolls of identify
 m - a scroll of blinking {unknown}
 n - a scroll of teleportation
 o - a scroll of fog
 p - 9 scrolls of remove curse
 q - 2 scrolls of enchant weapon {unknown}
 x - a scroll of fear {unknown}
 y - a scroll of random uselessness {unknown}
 A - 3 scrolls of brand weapon {unknown}
Potions
 a - 2 potions of lignification {unknown}
 g - 2 potions of ambrosia
 i - a potion of mutation {unknown}
 j - a potion of curing
 k - 3 potions of magic
 r - a potion of resistance {unknown}
Comestibles
 f - 18 rations


   Skills:
 + Level 5.6 Fighting
 * Level 8.0 Short Blades
 + Level 5.9 Throwing
 * Level 6.8 Dodging
 + Level 9.7 Stealth
 + Level 2.9 Invocations
 + Level 5.1 Evocations


You had 9 spell levels left.
You didn't know any spells.
Your spell library contained the following spells:

 Spells                   Type           Power        Failure   Level  Hunger
 Magic Dart               Conj           #...         28%         1    ##.....
 Shock                    Conj/Air       #...         28%         1    ##.....
 Sting                    Conj/Pois      #...         28%         1    ##.....
 Summon Small Mammal      Summ           #...         28%         1    ##.....
 Call Imp                 Summ           #.......     41%         2    ###....
 Poisonous Vapours        Pois/Air       #.....       41%         2    ###....
 Searing Ray              Conj           #.....       41%         2    ###....
 Swiftness                Chrm/Air       #.......     41%         2    ###....
 Call Canine Familiar     Summ           #.......     65%         3    ####...
 Dazzling Spray           Conj/Hex       #.....       65%         3    ####...
 Mephitic Cloud           Conj/Pois/Air  #.......     65%         3    ####...
 Static Discharge         Conj/Air       #.......     65%         3    ####...
 Summon Guardian Golem    Hex/Summ       #.......     65%         3    ####...
 Airstrike                Air            #.........   96%         4    #####..
 Force Lance              Conj/Tloc      #.......     96%         4    #####..
 Fulminant Prism          Conj/Hex       #.........   96%         4    #####..
 Iskenderun's Mystic Bla  Conj           #.......     96%         4    #####..
 Olgreb's Toxic Radiance  Pois           #.......     96%         4    #####..
 Summon Ice Beast         Ice/Summ       #.......     96%         4    #####..
 Summon Lightning Spire   Summ/Air       #.......     96%         4    #####..
 Lightning Bolt           Conj/Air       #.........   100%        5    ######.
 Venom Bolt               Conj/Pois      #.........   100%        5    ######.


Dungeon Overview and Level Annotations

Branches:
Dungeon (10/15)            Temple (1/1) D:5
   Lair: D:8-11         Orc: D:9-12

Altars:
Ashenzari
Cheibriados
Dithmenos
Elyvilon
Fedhas
Gozag
Hepliaklqana
Kikubaaqudgha
Makhleb
Nemelex Xobeh
Okawaru
Qazlal
Ru
Sif Muna
Trog
Uskayaw
Vehumet
Wu Jian
Xom
Yredelemnul
Zin
The Shining One

Shops:
D:9 =

Annotations:
D:3 2 transporters, Sigmund; hemabe's ghost, amateur HuAr


Innate Abilities, Weirdness & Mutations

You cannot wear most types of armour.
You are very stealthy in the water. (Stealth+)
You are amphibious.
You can wear up to eight rings at the same time.
You can use your tentacles to constrict eight enemies at once.
Your skin changes colour to match your surroundings (Stealth+).
Your rubbery body absorbs attacks. (AC +1, EV +1)


Message History

* * * LOW HITPOINT WARNING * * *
The chaos spawn gores your centaur skeleton!
Your centaur skeleton is destroyed!
The kobold demonologist hits your yak zombie with a +0 dagger.
Your yak zombie is destroyed!
Okay, then.
As you read the scroll of fog, it crumbles to dust.
The scroll dissolves into smoke.
The ynoxinul gestures.
The ufetubus disappears in a puff of smoke!
Okay, then.
There is a stone staircase leading down here.
The big kobold closely misses you.
You climb downwards. 5 killer bees and a howler monkey come into view.
There is a stone staircase leading up here.
As you read the scroll of teleportation, it crumbles to dust.
You feel strangely unstable. The big kobold hits you with a +0 whip!
You die...
Your body rises from the dead as a mindless zombie.

#...........#
#........y..#
#.........yy#
#..........#
#........y.#
.......y#
##.....#
#..@#
#.....K#
#....##...#
.... ##...#
... ....# ..
...... .
...#.h.
...##..


You could see a big kobold, a howler monkey and 5 killer bees.

Vanquished Creatures
  A two-headed ogre (D:3)
  2 hippogriffs
  A yak (D:9)
  3 water moccasins
  A black bear (D:7)
  An ice beast (D:7)
  3 sky beasts
  4 ogres
  2 centaurs
  4 big kobolds (D:9)
  2 crocodiles (D:9)
  3 bullfrogs
  2 water moccasin skeletons
  4 scorpions
  A howler monkey (D:4)
  2 crimson imps
  3 human zombies (Ossuary)
  8 hounds
  An orc priest (D:5)
  A gnoll shaman (D:7)
  An orc wizard (D:5)
  A centaur skeleton (D:8)
  10 worker ants
  2 big kobold zombies (Ossuary)
  A hound zombie (Ossuary)
  4 mummies (Ossuary)
  2 howler monkey skeletons
  2 gnolls (D:7)
  20 adders
  An ooze (D:4)
  A worm zombie (D:6)
  An adder skeleton (D:6)
  An adder zombie (Ossuary)
  5 worms
  A dart slug (D:2)
  4 leopard geckos
  22 orcs
  A ball python (D:3)
  6 giant cockroaches
  7 goblins
  6 hobgoblins
  8 jackals
  12 kobolds
  4 quokkas
  10 bats
  5 frilled lizards
  A goblin zombie (Ossuary)
  A jackal zombie (D:6)
  A kobold zombie (Ossuary)
  4 orc zombies
  A quokka zombie (D:6)
  12 rats
207 creatures vanquished.

Vanquished Creatures (collateral kills)
  A kobold demonologist (D:9)
  A centaur (D:9)
  A big kobold (D:9)
  A bullfrog (D:9)
  A scorpion (D:9)
  An orc wizard (D:9)
  A gnoll (D:7)
  2 orcs
  2 kobolds (D:9)
11 creatures vanquished.

Vanquished Creatures (others)
  A yak zombie (D:9)
  A centaur skeleton (D:9)
  A crocodile zombie (D:9)
  A hound zombie (D:9)
4 creatures vanquished.

Grand Total: 222 creatures vanquished

Notes
Turn   | Place    | Note
-------+----------+-------------------------------------------
     0 | D:1      | CedricTheThird the Octopode Assassin began the quest for
                  | the Orb.
     0 | D:1      | Reached XP level 1. HP: 14/14 MP: 1/1
     3 | D:1      | Noticed an electric eel
     3 | D:1      | Noticed an electric eel
   106 | D:1      | Reached XP level 2. HP: 16/19 MP: 2/2
   976 | D:2      | Reached skill level 6 in Stealth
  1022 | D:2      | Reached XP level 3. HP: 24/24 MP: 3/3
  1398 | D:2      | Reached XP level 4. HP: 29/29 MP: 4/4
  1764 | D:3      | Reached XP level 5. HP: 26/35 MP: 5/5
  1782 | D:3      | Found a transporter.
  1931 | D:3      | Found a transporter.
  1931 | D:3      | Noticed hemabe's ghost (amateur HuAr)
  2390 | D:3      | Reached XP level 6. HP: 23/41 MP: 6/6
  2400 | D:3      | Noticed a two-headed ogre
  2586 | D:3      | Noticed Sigmund
  3531 | D:3      | Killed a two-headed ogre
  3531 | D:3      | Reached skill level 5 in Short Blades
  3531 | D:3      | Reached skill level 7 in Stealth
  3531 | D:3      | Reached XP level 7. HP: 47/47 MP: 6/8
  3531 | D:3      | Reached XP level 8. HP: 54/54 MP: 6/9
  3657 | D:3      | You fall through a shaft for 2 floors!
  3657 | D:5      | Entered Level 5 of the Dungeon
  4354 | D:4      | Reached skill level 8 in Stealth
  5239 | D:5      | Found a staircase to the Ecumenical Temple.
  5245 | Temple   | Entered the Ecumenical Temple
  5528 | Temple   | Became a worshipper of Yredelemnul the Dark
  5686 | D:5      | Reached XP level 9. HP: 37/59 MP: 11/11
  5698 | D:5      | Found a bloodstained altar of Trog.
  5893 | D:6      | Found a hazy altar of Hepliaklqana.
  5930 | D:6      | Found an iron altar of Okawaru.
  6189 | D:6      | Found a sand-covered staircase.
  6208 | Ossuary  | Entered an ossuary
  6250 | Ossuary  | Reached * piety under Yredelemnul
  6494 | Ossuary  | Reached skill level 5 in Dodging
  7226 | D:7      | Reached skill level 5 in Throwing
  7571 | D:7      | Reached ** piety under Yredelemnul
  7634 | D:7      | Reached skill level 1 in Invocations
  7888 | D:7      | Reached skill level 5 in Fighting
  7932 | D:7      | Reached skill level 9 in Stealth
  8181 | D:8      | HP: 3/61 [water moccasin (10)]
  8568 | D:8      | Reached XP level 10. HP: 41/66 MP: 13/13
  8624 | D:8      | Found a snail-covered altar of Cheibriados.
  9282 | D:9      | Found Urumojacev's Jewellery Shoppe.
  9554 | D:9      | Noticed a kobold demonologist
  9556 | D:9      | Noticed a sun demon
  9556 | D:9      | Noticed a kobold demonologist
  9557 | D:9      | Reached skill level 5 in Evocations
  9562 | D:9      | Noticed an orange demon
  9566 | D:9      | Noticed a soul eater
  9570 | D:9      | Killed a kobold demonologist
  9583 | D:10     | Entered Level 10 of the Dungeon
  9584 | D:10     | Slain by a big kobold

Levels and vault maps discovered:
D:1:      arrival_aquarium_b, layout_rooms
D:2:      layout_loops_ring, guppyfry_early_orc_mine
D:3:      minmay_chambers_of_twos, layout_loops_ring, gammafunk_ghost_mausoleum,
          first_ration, st_stairs_14, grunt_ministairs_5,
          minmay_misc_feat_ornament, uniq_sigmund
D:4:      layout_basic, corexii_hall_statues_l
D:5:      layout_basic, minmay_temple_entry_hall, st_stairs_1,
          trog_hazing_becter
D:6:      layout_loops_ring, old_standard_altar, serial_rivers,
          chequers_serial_rivers_small_3, chequers_serial_rivers_room_b,
          chequers_serial_rivers_micro_c, chequers_serial_rivers_room_b,
          enter_ossuary_3, okawaru_metal_pillars_3
D:7:      layout_cave_pods
D:8:      layout_cave_pools, basic_altar
D:9:      layout_cross, david_lair_generic, serial_shops, shop
D:10:     layout_cave_pods, uniq_erica, uniq_harold
Temple:   regret_index_temple_sigil_plot
Ossuary:  ossuary_minmay_tomb_2a

Skill      XL: |  1  2  3  4  5  6  7  8  9 10 |
---------------+-------------------------------+-----
Stealth        | 6 7 8 9 |  9.7
Short Blades   | 3 5 6 7 8 |  8.0
Throwing       | 3 4 5 |  5.9
Dodging        | 2 3 4 6 |  6.8
Fighting       | 3 4 5 |  5.6
Evocations     | 2 3 4 5 |  5.1
Invocations    | 1 2 |  2.9

Action                   |  1- 3 |  4- 6 |  7- 9 | 10-12 || total
-------------------------+-------+-------+-------+-------++-------
Melee: Dagger            |    80 |   110 |   365 |    77 ||   632
       Constrict         |    20 |    25 |    56 |    23 ||   124
       Tentacles         |    16 |    15 |    76 |    17 ||   124
Throw: Tomahawk          |       |       |       |     1 ||     1
Invok: Animate Remains   |       |       |     1 |     6 ||     7
Evoke: Wand              |       |     2 |     1 |     7 ||    10
  Use: Scroll            |       |    10 |     2 |     3 ||    15
       Potion            |       |     5 |     3 |     5 ||    13
 Stab: Sleeping          |     7 |    15 |    23 |     3 ||    48
       Paralysed         |       |     2 |     1 |     1 ||     4
       Invisible         |       |     1 |       |     1 ||     2
       Distracted        |       |       |       |     1 ||     1
  Eat: Chunk             |       |     5 |     6 |     1 ||    12
       Ration            |       |     1 |     3 |     1 ||     5
Armor: Skin              |     5 |    10 |     5 |     4 ||    24
Dodge: Dodged            |    52 |    87 |   168 |    64 ||   371

Table legend:
 A = Non-vault XP
 B = Vault XP
 C = Vault XP percentage of total XP
 D = Non-vault monster count
 E = Vault monster count
 F = Vault count percentage of total count
                 A         B        C        D         E       F
            +---------+---------+-------+---------+---------+-------
      Total |    5108 |    1941 |  27.5 |     171 |      47 |  21.6
            +---------+---------+-------+---------+---------+-------
        D:1 |      24 |       0 |   0.0 |      15 |       0 |   0.0
        D:2 |      83 |      17 |  17.0 |      16 |       7 |  30.4
        D:3 |     201 |     980 |  83.0 |      35 |      11 |  23.9
        D:4 |     482 |       0 |   0.0 |      16 |       0 |   0.0
        D:5 |     643 |      12 |   1.8 |      14 |       6 |  30.0
        D:6 |     374 |       8 |   2.1 |      16 |       3 |  15.8
        D:7 |    1159 |       0 |   0.0 |      20 |       0 |   0.0
        D:8 |     833 |       0 |   0.0 |      12 |       0 |   0.0
        D:9 |    1309 |     639 |  32.8 |      27 |       4 |  12.9
    Ossuary |       0 |     285 | 100.0 |       0 |      16 | 100.0
            +---------+---------+-------+---------+---------+-------
